 Dungeon Crawl Stone Soup version 0.16-a0-3880-g9314259 (webtiles) character file.

107 timbw the Ruffian (level 5, -6/41 HPs)
             Began as a Human Fighter on Feb 1, 2015.
             Mangled by an ogre
             ... wielding a +0 giant club
              (18 damage)
             ... on level 4 of the Dungeon.
             The game lasted 00:03:08 (928 turns).

timbw the Ruffian (Human Fighter)                    Turns: 928, Time: 00:03:08

Health: -6/41      AC:  8    Str: 17    XL:     5   Next: 10%
Magic:  5/5        EV:  7    Int:  8    God:
Gold:   19         SH:  9    Dex: 13    Spells: 0 memorised, 4 levels left

rFire  . . .     SeeInvis .       - Unarmed
rCold  . . .     Clarity  .     b - +0 scale mail
rNeg   . . .     SustAb   .     c - +0 shield
rPois  .         Gourm    .     (no helmet)
rElec  .         Spirit   .     k - +1 cloak
rCorr  .         Warding  .     (no gloves)
rMut   .         Stasis   .     (no boots)
MR     .....                    (no amulet)
Stlth  ..........               (no ring)
                                (no ring)

@: not resistant to hostile enchantments, extremely unstealthy
A: no striking features
a: no special abilities


You were on level 4 of the Dungeon.
You were not hungry.

You visited 1 branch of the dungeon, and saw 5 of its levels.

You collected 19 gold pieces.

Inventory:

Armour
 b - a +0 scale mail (worn)
 c - a +0 shield (worn)
 k - a +1 cloak (worn)
Magical devices
 e - a wand of magic darts (27)
Scrolls
 f - 2 scrolls of noise {unknown}
 g - a scroll of identify {unknown}
 i - a scroll of enchant armour {unknown}
Books
 l - a book of Burglary

   Spells                             Type                      Level
   a - Swiftness                      Charms/Air                   2
   b - Passwall                       Transmutation/Earth          3
   c - Passage of Golubria            Translocation                4
   d - Lee's Rapid Deconstruction     Earth                        5
   e - Invisibility                   Hexes                        6
   f - Darkness                       Hexes                        7
Comestibles
 a - a bread ration
 d - a slice of pizza


   Skills:
 - Level 3.0 Fighting
 - Level 3.0 Armour
 - Level 3.0 Shields
 + Level 4.8 Unarmed Combat


You had 4 spell levels left.
You didn't know any spells.

Dungeon Overview and Level Annotations

Branches:
Dungeon (5/15)
 Temple: D:4-7

Altars:

Annotations:
D:3 Natasha, Sigmund


Message History

The goblin shouts! x2
An adder, an orc and an orc priest come into view.
There is a stone staircase leading up here.
The orc shouts!
The orc priest shouts!
You block the orc's attack. The orc priest hits you.
You climb upwards.
There is a stone staircase leading down here.
The orc priest calls down the wrath of Beogh upon you.
Something smites you!
* * * LOW HITPOINT WARNING * * *
There is a stone staircase leading up here.
Read which item? (? for menu, Esc to quit)
Okay, then.
There is an open door here.
The orc suddenly jeers, as Orcs often do.
You see here an adder skeleton.
There is an open door here.
The orc jeers repeatedly.
The ogre hits you with a giant club!!
You die...

#.......#..........# #.......
#.......#..........# #.......
#.......#..........# #.......
##.......#..........######..o....
.'......>'..........'.รท..........
##.......#..........######.......
.......#.#........o.# #####...
....O..#.#.......O..# #...
.........#......@...# ##..
###......####[..##### #.#
.........###.....######## #..
###....................... +.. #
#.....##.........###### #.. #
#.................# ##. #
#........)...###### ## #
##..........## .. # ##........## .


You could see an ogre and an orc.

Vanquished Creatures
  Blork the orc (D:4)
  An adder (D:4)
  A giant mite (D:3)
  3 giant geckos
  2 orcs (D:4)
  A ball python (D:1)
  3 bats
  A giant cockroach (D:2)
  2 goblins (D:4)
  2 hobgoblins
  3 kobolds
  4 rats
24 creatures vanquished.

Vanquished Creatures (others)
  A hobgoblin (D:2)
1 creature vanquished.

Grand Total: 25 creatures vanquished

Notes
Turn   | Place    | Note
--------------------------------------------------------------
     0 | D:1      | timbw, the Human Fighter, began the quest for the Orb.
     0 | D:1      | Reached XP level 1. HP: 18/18 MP: 1/1
   128 | D:1      | Reached XP level 2. HP: 21/24 MP: 2/2
   208 | D:3      | Noticed Sigmund
   248 | D:3      | Noticed Natasha
   263 | D:4      | Reached XP level 3. HP: 9/29 MP: 3/3
   541 | D:4      | Noticed Blork the orc
   560 | D:4      | Killed Blork the orc
   560 | D:4      | Reached skill level 4 in Unarmed Combat
   560 | D:4      | Reached XP level 4. HP: 3/35 MP: 4/4
   560 | D:4      | Reached XP level 5. HP: 3/41 MP: 5/5
   840 | D:5      | Entered Level 5 of the Dungeon
   842 | D:5      | Noticed a centaur
   848 | D:5      | Noticed an ice beast
   850 | D:4      | Noticed an ogre
   928 | D:4      | Mangled by an ogre

Action                   |  1- 3 |  4- 6 || total
-------------------------+-------+-------++-------
Melee: Unarmed           |   115 |     3 ||   118
  Use: Potion            |     2 |       ||     2
